 Dungeon Crawl Stone Soup version 0.30-a0-168-g0b976cbdc4 (webtiles) character file.

Game seed: 6490750520914602549

289 qw the Chopper (level 6, -2/38 HPs)
             Began as a Gargoyle Fighter on Sept 29, 2022.
             Slain by Sigmund
             ... wielding a +1 scythe of freezing
              (4 damage)
             ... on level 4 of the Dungeon.
             The game lasted 00:00:55 (2836 turns).

qw the Chopper (Gargoyle Fighter)                   Turns: 2836, Time: 00:00:55

Health: -2/38      AC: 23    Str: 22    XL:     6   Next: 31%
Magic:  6/6        EV:  6    Int:  8    God:
Gold:   234        SH:  4    Dex:  9    Spells: 5/5 levels left

rFire   . . .      SeeInvis .    Y - +0 war axe
rCold   . . .      Faith    .    c - +0 buckler
rNeg    + . .      Spirit   .    k - +0 plate armour
rPois   inf        Reflect  .    (no helmet)
rElec   +          Harm     .    (no cloak)
rCorr   .          Rampage  .    (no gloves)
Will    .....                    a - +2 pair of boots
Stlth   ..........               (no amulet)
HPRegen 0.12/turn                f - +4 ring of protection
MPRegen 0.10/turn                (no ring)

@: no status effects
A: sickness immunity, AC +4, negative energy resistance 1, electricity
resistance, torment resistance 1, petrification resistance
a: no special abilities


You were on level 4 of the Dungeon.
You visited 1 branch of the dungeon, and saw 4 of its levels.

You collected 234 gold pieces.


Innate Abilities, Weirdness & Mutations

You are immune to sickness and miasma.
Your stone body is resilient. (AC +4)
You are immune to poison.
You resist negative energy. (rN+)
You are resistant to electric shocks. (rElec)
You are resistant to unholy torment.
You are immune to petrification.


   Skills:
 + Level 3.8 Fighting
 - Level 5.1 Axes
 - Level 1.2 Throwing
 - Level 3.2 Armour
 - Level 1.1 Dodging
 - Level 3.2 Shields


You had 5 spell levels left.
You didn't know any spells.
Your spell library was empty.

Inventory:

Hand Weapons
 l - a +0 flail
 Y - a +0 war axe (weapon)
Missiles
 i - 3 silver boomerangs (quivered)
Armour
 a - a +2 pair of boots (worn)
 c - a +0 buckler (worn)
 k - a +0 plate armour (worn)
Jewellery
 f - a +4 ring of protection (left hand)
Scrolls
 e - 2 scrolls of teleportation
 h - a scroll of identify
Potions
 d - a potion of might
 g - a potion of haste
 j - a potion of ambrosia {unknown}
 n - a potion of attraction {unknown}

Dungeon Overview and Level Annotations

Branches:
Dungeon (4/15)
 Temple: D:4-7

Altars:

Annotations:
D:4 Sigmund


Message History

You completely miss Sigmund.
Sigmund hits you with a +1 scythe of freezing.
Sigmund freezes you.
You hit Sigmund.
Sigmund is lightly wounded.
Sigmund gestures at you while chanting. The puff of flame hits you.
You hit Sigmund.
Sigmund is moderately wounded.
Sigmund says, "Your kind have come here before.
I understand now why.
You desire death..."
Sigmund casts a spell.
Sigmund flickers and vanishes!
Deactivating autopickup; reactivate with Ctrl-A.
You closely miss something. Something hits you but does no damage.
You barely miss something. Something hits you but does no damage.
You miss something. Something hits you. Something freezes you.
You barely miss something.
You hear some strange, mumbled words.
A magic dart appears from out of thin air!
The magic dart hits you but does no damage.
You closely miss something. Something hits you but does no damage.
You completely miss something. Something hits you but does no damage.
You closely miss something. Something hits you but does no damage.
You barely miss something. You miss something.
Something hits you but does no damage.
You hit something.
You hear some strange, mumbled words.
A magic dart appears from out of thin air!
The magic dart hits you. Something hits you but does no damage.
You barely miss something. You miss something. Something hits you!
Something freezes you.
You die...

#....# #....#
#..<.# ###'##
#.# #.# #)# .
#.#######....
#....@{......
#########....
.


There were no monsters in sight!

Vanquished Creatures
  A water moccasin (D:3)
  2 orc priests (D:3)
  Terence (D:2)
  An iguana (D:4)
  An adder (D:2)
  2 worms (D:2)
  2 dart slugs
  3 orcs (D:3)
  7 bats
  3 endoplasms (D:3)
  5 giant cockroaches
  5 goblins
  6 hobgoblins
  4 jackals (D:3)
  A quokka (D:2)
  6 ball pythons
  4 frilled lizards
  3 kobolds
  5 rats
62 creatures vanquished.

Notes
Turn   | Place    | Note
-------+----------+-------------------------------------------
     0 | D:1      | qw the Gargoyle Fighter began the quest for the Orb.
     0 | D:1      | Reached XP level 1. HP: 14/14 MP: 1/1
     0 | D:1      | 0 ||| qw: Version: 0.2-a-12-gaebbb33
     0 | D:1      | 0 ||| qw: Game counter: 1210
     0 | D:1      | 0 ||| qw: Always use a shield: true
     0 | D:1      | 0 ||| qw: God list: Okawaru
     0 | D:1      | 0 ||| qw: Allow faded altars: false
     0 | D:1      | 0 ||| qw: Do Orc after D:15 true
     0 | D:1      | 0 ||| qw: Do second Lair branch before Depths: true
     0 | D:1      | 0 ||| qw: Lair rune preference: random
     0 | D:1      | 0 ||| qw: Plans: Normal, Zot:1-4, God:TSO, Crypt, Tomb,
                  | Pan, Slime:5, Hells, Abyss, Orb
     0 | D:1      | 0 ||| PLANNING D:1-11
     5 | D:1      | Found a faded altar of an unknown god.
    45 | D:1      | Reached skill level 2 in Axes
    51 | D:1      | 51 ||| Stepping ~*~*~tactically~*~*~ (stealth).
    61 | D:1      | Reached XP level 2. HP: 11/19 MP: 2/2
   377 | D:1      | 377 ||| Stepping ~*~*~tactically~*~*~ (stealth).
   378 | D:1      | 378 ||| Stepping ~*~*~tactically~*~*~ (stealth).
   380 | D:1      | 380 ||| Stepping ~*~*~tactically~*~*~ (stealth).
   381 | D:1      | 381 ||| Stepping ~*~*~tactically~*~*~ (stealth).
   383 | D:1      | 383 ||| Stepping ~*~*~tactically~*~*~ (stealth).
   520 | D:1      | Reached skill level 3 in Axes
   658 | D:1      | Reached XP level 3. HP: 20/23 MP: 3/3
   846 | D:1      | 846 ||| READING scroll labelled ELUETA AVVARA.
   847 | D:1      | 847 ||| READING scroll labelled WEPRUI HEM RUQI.
  1072 | D:2      | Noticed Terence
  1078 | D:2      | Killed Terence
  1081 | D:2      | 1081 ||| DROPPING +0 club.
  1200 | D:2      | Reached XP level 4. HP: 28/28 MP: 4/4
  1208 | D:2      | 1208 ||| Stepping ~*~*~tactically~*~*~ (stealth).
  1415 | D:2      | Reached skill level 4 in Axes
  1715 | D:2      | 1715 ||| UPGRADING to +2 pair of boots.
  1720 | D:2      | 1720 ||| DROPPING scarf of harm.
  1721 | D:2      | 1721 ||| UPGRADING to +3 ring mail of fire resistance.
  1731 | D:2      | 1731 ||| DROPPING +0 scale mail.
  1732 | D:2      | 1732 ||| READING scroll labelled JOWKYG OTZUZU.
  1733 | D:2      | 1733 ||| READING 2 scrolls of identify.
  1733 | D:2      | 1733 ||| IDENTIFYING lumpy coppery potion
  1734 | D:2      | 1734 ||| DROPPING potion of degeneration.
  1774 | D:3      | Noticed a water moccasin
  1798 | D:3      | Killed a water moccasin
  1799 | D:3      | Reached skill level 5 in Axes
  1799 | D:3      | Reached XP level 5. HP: 13/32 MP: 5/5
  2057 | D:3      | 2057 ||| Stepping ~*~*~tactically~*~*~ (hiding).
  2066 | D:3      | Reached skill level 1 in Throwing
  2076 | D:3      | Reached skill level 1 in Dodging
  2076 | D:3      | Reached XP level 6. HP: 22/37 MP: 6/6
  2392 | D:3      | 2392 ||| Stepping ~*~*~tactically~*~*~ (stealth).
  2663 | D:3      | 2663 ||| Stepping ~*~*~tactically~*~*~ (stealth).
  2767 | D:3      | 2767 ||| UPGRADING to +0 plate armour.
  2777 | D:3      | 2777 ||| DROPPING +3 ring mail of fire resistance.
  2778 | D:3      | 2778 ||| UPGRADING to +4 ring of protection.
  2779 | D:3      | 2779 ||| READING scroll labelled CAAZOASABAM.
  2780 | D:3      | 2780 ||| READING 3 scrolls labelled OCEUFA CUVE.
  2785 | D:3      | 2785 ||| READING 2 scrolls of identify.
  2785 | D:3      | 2785 ||| IDENTIFYING metallic blue potion
  2808 | D:4      | Noticed Sigmund
  2836 | D:4      | HP: 2/38 [something (10)]
  2836 | D:4      | Slain by Sigmund

Levels and vault maps discovered:
D:1:      wander_arrival_peaceful_grave, layout_basic,
          shapermc_ecumenical_altar_ellora, st_stairs_9
D:2:      layout_basic, uniq_terence
D:3:      layout_basic, reono_crystal_passage, nrook_mini_vaults
D:4:      layout_basic, kennysheep_mini_moat, minmay_circle_x, uniq_pikel,
          uniq_sigmund

Skill      XL: |  1  2  3  4  5 |
---------------+----------------+-----
Axes           | 2 3 5 |  5.1
Throwing       | 1 |  1.2
Dodging        | 1 |  1.1
Fighting       | |  3.8
Armour         | |  3.2
Shields        | |  3.2

Action                   |  1- 3 |  4- 6 || total
-------------------------+-------+-------++-------
Melee: War axe           |    75 |    97 ||   172
Throw: Boomerang         |     3 |    31 ||    34
  Use: Scroll            |     2 |     5 ||     7
Armor: Scale mail        |    43 |     6 ||    49
       Ring mail         |       |    32 ||    32
       Plate armour      |       |    14 ||    14
Dodge: Dodged            |    25 |    37 ||    62
Block: Buckler           |    12 |    16 ||    28

Table legend:
 A = Non-vault XP
 B = Vault XP
 C = Vault XP percentage of total XP
 D = Non-vault monster count
 E = Vault monster count
 F = Vault count percentage of total count
                 A         B        C        D         E       F
            +---------+---------+-------+---------+---------+-------
      Total |     373 |      40 |   9.7 |      59 |       3 |   4.8
            +---------+---------+-------+---------+---------+-------
        D:1 |      31 |       4 |  11.4 |      21 |       2 |   8.7
        D:2 |      41 |      36 |  46.8 |      12 |       1 |   7.7
        D:3 |     265 |       0 |   0.0 |      25 |       0 |   0.0
        D:4 |      36 |       0 |   0.0 |       1 |       0 |   0.0
            +---------+---------+-------+---------+---------+-------
